3L
TOLEDO STINGERS @ CAPITAL DISTRICT RED KNIGHTS
09/15/2028
 
TOP OF THE 1ST
Toledo Stingers batting - Pitching for Capital District Red Knights : RHP Leroy Moody
Pitching: RHP Leroy Moody
Batting: LHB Locke Lamora 0-0: Swinging Strike
0-1: Ball
1-1: Called Strike
1-2: Ball
2-2: Fly out, F9 (Flyball, 9LS)
Batting: RHB Juan Ramos 0-0: Ball
1-0: Bunt for hit - play at first, batter safe!
Batting: RHB Alfredo Martínez 0-0: SINGLE (Groundball, 6M) (infield hit)
Juan Ramos to second
Batting: SHB Leonard O'Connor 0-0: Ball
1-0: Ball
2-0: Foul Ball, location: 2F
2-1: Foul Ball, location: 2F
2-2: Ball
3-2: Foul Ball, location: 2F
3-2: Foul Ball, location: 2F
3-2: Grounds into double play, 6-4-3 (Groundball, 6)
Top of the 1st over - 0 run(s), 2 hit(s), 0 error(s), 1 left on base; Toledo 0 - Capital District 0
BOTTOM OF THE 1ST
Capital District Red Knights batting - Pitching for Toledo Stingers : RHP Francis McBride
Pitching: RHP Francis McBride
Batting: RHB Sergio Ortíz 0-0: Called Strike
0-1: Fly out, F9 (Flyball, 9)
Batting: LHB Francisco Sánchez 0-0: Foul Ball, location: 2F
0-1: Ball
1-1: Foul Ball, location: 2F
1-2: Ball
2-2: Ball
3-2: Base on Balls
Batting: RHB Arnold Giroux 0-0: Ball
1-0: Called Strike
1-1: Ball
2-1: Called Strike
2-2: Ground out U3 (Groundball, 34S)
Francisco Sánchez to second
Batting: RHB Pedro Álvarez 0-0: DOUBLE (Flyball, 89D)
Francisco Sánchez scores
Batting: RHB Danilo Mosca 0-0: Ball
1-0: Called Strike
1-1: Swinging Strike
1-2: Foul Ball, location: 2F
1-2: SINGLE (Groundball, 4M) (infield hit)
Pedro Álvarez to third
Batting: RHB Brandon Cole 0-0: Ball
1-0: Called Strike
1-1: Called Strike
1-2: Foul Ball, location: 2F
1-2: Foul Ball, location: 2F
1-2: Strikes out swinging
Bottom of the 1st over - 1 run(s), 2 hit(s), 0 error(s), 2 left on base; Toledo 0 - Capital District 1
TOP OF THE 2ND
Toledo Stingers batting - Pitching for Capital District Red Knights : RHP Leroy Moody
Batting: RHB Hugo Rampley 0-0: Ball
1-0: Ball
2-0: Called Strike
2-1: Ball
3-1: Swinging Strike
3-2: Ground out 4-3 (Groundball, 4M)
Batting: LHB Jorge Flores 0-0: Called Strike
0-1: Swinging Strike
0-2: Ball
1-2: Foul Ball, location: 2F
1-2: Ball
2-2: Foul Ball, location: 2F
2-2: Strikes out swinging
Batting: RHB Francis Kelly 0-0: Ball
1-0: Called Strike
1-1: Ball
2-1: Called Strike
2-2: Foul Ball, location: 2F
2-2: Strikes out swinging
Top of the 2nd over - 0 run(s), 0 hit(s), 0 error(s), 0 left on base; Toledo 0 - Capital District 1
BOTTOM OF THE 2ND
Capital District Red Knights batting - Pitching for Toledo Stingers : RHP Francis McBride
Batting: RHB Leo Cadden 0-0: Fly out, F8 (Flyball, 8RM)
Batting: LHB Marcos Deleón 0-0: Ball
1-0: Called Strike
1-1: Ground out 4-3 (Groundball, 4)
Batting: LHB Arturo Hernández 0-0: Ground out 4-3 (Groundball, 4)
Bottom of the 2nd over - 0 run(s), 0 hit(s), 0 error(s), 0 left on base; Toledo 0 - Capital District 1
TOP OF THE 3RD
Toledo Stingers batting - Pitching for Capital District Red Knights : RHP Leroy Moody
Batting: RHB Victor Haley 0-0: Foul Ball, location: 2F
0-1: Foul Ball, location: 2F
0-2: Ball
1-2: Ground out 1-3 (Groundball, 13)
Batting: RHB Isaac Downey 0-0: Called Strike
0-1: Ground out 1-3 (Groundball, 13)
Batting: LHB Locke Lamora 0-0: Ball
1-0: Ball
2-0: Ball
3-0: Base on Balls
Batting: RHB Juan Ramos 0-0: Ball
1-0: SINGLE (Groundball, 4MD)
Locke Lamora to second
Runner from 2nd tries for 3rd, SAFE, no throw
Batting: RHB Alfredo Martínez 0-0: Called Strike
0-1: Ball
1-1: Ball
2-1: Called Strike
2-2: Foul Ball, location: 2F
2-2: Strikes out swinging
Top of the 3rd over - 0 run(s), 1 hit(s), 0 error(s), 2 left on base; Toledo 0 - Capital District 1
BOTTOM OF THE 3RD
Capital District Red Knights batting - Pitching for Toledo Stingers : RHP Francis McBride
Batting: RHB Sergio Ortíz 0-0: Called Strike
0-1: Ball
1-1: Ground out 4-3 (Groundball, 4)
Batting: LHB Francisco Sánchez 0-0: Ball
1-0: Ball
2-0: SINGLE (Line Drive, 34)
Batting: RHB Arnold Giroux 0-0: Ball
1-0: Swinging Strike
1-1: Ball
2-1: Ball
3-1: Base on Balls
Francisco Sánchez to second
Batting: RHB Pedro Álvarez 0-0: Called Strike
0-1: Foul Ball, location: 2F
0-2: Fly out, F3 (Flyball, 3D)
Batting: RHB Danilo Mosca 0-0: Ball
1-0: Ball
2-0: Ball
3-0: Called Strike
3-1: Base on Balls
Francisco Sánchez to third
Arnold Giroux to second
Batting: RHB Brandon Cole 0-0: Ball
1-0: Ball
2-0: Ball
3-0: Called Strike
3-1: SINGLE (Groundball, 4MD)
Francisco Sánchez scores
Arnold Giroux to third
Danilo Mosca to second
Runner from 3rd tries for Home, SAFE, no throw
Batting: RHB Leo Cadden 0-0: Called Strike
0-1: Called Strike
0-2: Fly out, F9 (Flyball, 89M)
Bottom of the 3rd over - 2 run(s), 2 hit(s), 0 error(s), 2 left on base; Toledo 0 - Capital District 3
TOP OF THE 4TH
Toledo Stingers batting - Pitching for Capital District Red Knights : RHP Leroy Moody
Batting: SHB Leonard O'Connor 0-0: Ball
1-0: Foul Ball, location: 2F
1-1: Swinging Strike
1-2: Foul Ball, location: 2F
1-2: Strikes out swinging
Batting: RHB Hugo Rampley 0-0: Ball
1-0: Ball
2-0: Called Strike
2-1: Ball
3-1: Swinging Strike
3-2: Fly out, F7 (Flyball, 7D)
Batting: LHB Jorge Flores 0-0: Ball
1-0: Ball
2-0: Ball
3-0: Foul Ball, location: 2F
3-1: Base on Balls
Batting: RHB Francis Kelly 0-0: Ball
1-0: Ball
2-0: Called Strike
2-1: Ball
3-1: Fly out, F7 (Line Drive, 7)
Top of the 4th over - 0 run(s), 0 hit(s), 0 error(s), 1 left on base; Toledo 0 - Capital District 3
BOTTOM OF THE 4TH
Capital District Red Knights batting - Pitching for Toledo Stingers : RHP Francis McBride
Batting: LHB Marcos Deleón 0-0: Foul Ball, location: 2F
0-1: Fly out, F3 (Popup, 3L)
Batting: LHB Arturo Hernández 0-0: Ball
1-0: Foul Ball, location: 2F
1-1: Foul Ball, location: 2F
1-2: Foul Ball, location: 2F
1-2: Ball
2-2: Ball
3-2: Base on Balls
Batting: RHB Sergio Ortíz 0-0: Called Strike
0-1: Ball
1-1: Called Strike
Arturo Hernández steals 2nd base
1-2: Ball
2-2: Foul Ball, location: 2F
2-2: Foul Ball, location: 2F
2-2: Ball
3-2: Ground out 6-3 (Groundball, 6MD)
Arturo Hernández to third
Batting: LHB Francisco Sánchez 0-0: Ball
1-0: Called Strike
1-1: Swinging Strike
1-2: Hit by Pitch
Batting: RHB Arnold Giroux 0-0: Called Strike
0-1: Swinging Strike
0-2: Ball
1-2: Fly out, F8 (Flyball, 8LD)
Bottom of the 4th over - 0 run(s), 0 hit(s), 0 error(s), 2 left on base; Toledo 0 - Capital District 3
TOP OF THE 5TH
Toledo Stingers batting - Pitching for Capital District Red Knights : RHP Leroy Moody
Batting: RHB Victor Haley 0-0: Called Strike
0-1: Ball
1-1: Called Strike
1-2: Strikes out looking
Batting: RHB Isaac Downey 0-0: Ball
1-0: Called Strike
1-1: Ball
2-1: Foul Ball, location: 2F
2-2: Foul Ball, location: 2F
2-2: Ground out 5-3 (Groundball, 5)
Batting: LHB Locke Lamora 0-0: Ball
1-0: Ball
2-0: Ball
3-0: Called Strike
3-1: Base on Balls
Batting: RHB Juan Ramos 0-0: Called Strike
0-1: Foul Ball, location: 2F
0-2: Ball
Locke Lamora is caught stealing 2nd base
Top of the 5th over - 0 run(s), 0 hit(s), 0 error(s), 0 left on base; Toledo 0 - Capital District 3
BOTTOM OF THE 5TH
Capital District Red Knights batting - Pitching for Toledo Stingers : RHP Francis McBride
Batting: RHB Pedro Álvarez 0-0: Called Strike
0-1: Ball
1-1: Ball
2-1: Called Strike
2-2: Foul Ball, location: 2F
2-2: Strikes out swinging
Batting: RHB Danilo Mosca 0-0: SINGLE (Line Drive, 6D)
Batting: RHB Brandon Cole 0-0: Called Strike
0-1: Called Strike
0-2: Foul Ball, location: 2F
0-2: Ball
Wild Pitch!
Danilo Mosca to second
1-2: Foul Ball, location: 2F
1-2: SINGLE (Groundball, 6MD)
Danilo Mosca to third
Runner from 3rd tries for Home, SAFE, no throw
Batting: RHB Leo Cadden 0-0: Ball
1-0: Ball
2-0: Ball
3-0: Called Strike
3-1: Foul Ball, location: 2F
3-2: Strikes out swinging
Batting: LHB Marcos Deleón 0-0: Called Strike
0-1: Fly out, F4 (Popup, 4MD)
Bottom of the 5th over - 1 run(s), 2 hit(s), 0 error(s), 1 left on base; Toledo 0 - Capital District 4
TOP OF THE 6TH
Toledo Stingers batting - Pitching for Capital District Red Knights : RHP Leroy Moody
Batting: RHB Juan Ramos 0-0: Swinging Strike
0-1: Fly out, F7 (Flyball, 7LSF)
Batting: RHB Alfredo Martínez 0-0: SINGLE (Flyball, 7LS)
Batting: SHB Leonard O'Connor 0-0: Ball
1-0: Called Strike
1-1: Swinging Strike
1-2: Ball
2-2: Foul Ball, location: 2F
2-2: Strikes out swinging
Batting: RHB Hugo Rampley 0-0: Ball
1-0: Fly out, F7 (Flyball, 7S)
Top of the 6th over - 0 run(s), 1 hit(s), 0 error(s), 1 left on base; Toledo 0 - Capital District 4
BOTTOM OF THE 6TH
Capital District Red Knights batting - Pitching for Toledo Stingers : RHP Francis McBride
Batting: LHB Arturo Hernández 0-0: Ball
1-0: Ball
2-0: Ground out 6-3 (Groundball, 6M)
Batting: RHB Sergio Ortíz 0-0: Foul Ball, location: 2F
0-1: Foul Ball, location: 2F
0-2: Ball
1-2: Foul Ball, location: 2F
1-2: Ground out 5-3 (Groundball, 56S)
Batting: LHB Francisco Sánchez 0-0: Called Strike
0-1: Ball
1-1: Ball
2-1: Ball
3-1: Called Strike
3-2: Base on Balls
Pitching: RHP Gunner Hardy
Batting: RHB Arnold Giroux 0-0: Called Strike
0-1: SINGLE (Groundball, 56) (infield hit)
Francisco Sánchez to second
Batting: RHB Pedro Álvarez 0-0: Ball
1-0: Called Strike
1-1: Foul Ball, location: 2F
1-2: Ball
2-2: Ball
3-2: Base on Balls
Francisco Sánchez to third
Arnold Giroux to second
Batting: RHB Danilo Mosca 0-0: Ball
1-0: Ball
2-0: Called Strike
2-1: Fly out, F6 (Line Drive, 6M)
Bottom of the 6th over - 0 run(s), 1 hit(s), 0 error(s), 3 left on base; Toledo 0 - Capital District 4
TOP OF THE 7TH
Toledo Stingers batting - Pitching for Capital District Red Knights : RHP Leroy Moody
Batting: LHB Jorge Flores 0-0: Foul Ball, location: 2F
0-1: Ball
1-1: Foul Ball, location: 2F
1-2: Ball
2-2: Foul Ball, location: 2F
2-2: Fly out, F7 (Flyball, 78S)
Batting: RHB Francis Kelly 0-0: Ball
1-0: Ball
2-0: Fly out, F8 (Flyball, 8RM)
Batting: RHB Victor Haley 0-0: Ball
1-0: Ball
2-0: Called Strike
2-1: Foul Ball, location: 2F
2-2: Strikes out swinging
Top of the 7th over - 0 run(s), 0 hit(s), 0 error(s), 0 left on base; Toledo 0 - Capital District 4
BOTTOM OF THE 7TH
Capital District Red Knights batting - Pitching for Toledo Stingers : RHP Gunner Hardy
Batting: RHB Brandon Cole 0-0: Foul Ball, location: 2F
0-1: Foul Ball, location: 2F
0-2: Strikes out looking
Batting: RHB Leo Cadden 0-0: Ball
1-0: Ball
2-0: Ground out 5-3 (Groundball, 56)
Batting: LHB Marcos Deleón 0-0: Ball
1-0: Ball
2-0: Ball
3-0: Base on Balls
Batting: LHB Arturo Hernández 0-0: Called Strike
Marcos Deleón steals 2nd base
0-1: Swinging Strike
0-2: Ground out 4-3 (Groundball, 34)
Bottom of the 7th over - 0 run(s), 0 hit(s), 0 error(s), 1 left on base; Toledo 0 - Capital District 4
TOP OF THE 8TH
Toledo Stingers batting - Pitching for Capital District Red Knights : RHP Leroy Moody
Pitching: RHP Luis Hernández
Batting: RHB Isaac Downey 0-0: Called Strike
0-1: Fly out, F7 (Flyball, 78S)
Batting: LHB Locke Lamora 0-0: Ball
1-0: Called Strike
1-1: Ground out 1-3 (Groundball, 13)
Batting: RHB Juan Ramos 0-0: Swinging Strike
0-1: Swinging Strike
0-2: Strikes out looking
Top of the 8th over - 0 run(s), 0 hit(s), 0 error(s), 0 left on base; Toledo 0 - Capital District 4
BOTTOM OF THE 8TH
Capital District Red Knights batting - Pitching for Toledo Stingers : RHP Gunner Hardy
Batting: RHB Sergio Ortíz 0-0: Swinging Strike
0-1: SINGLE (Flyball, 89S) - OUT at second base trying to stretch hit.
Batting: LHB Francisco Sánchez 0-0: Foul Ball, location: 2F
0-1: Ball
1-1: Called Strike
1-2: Ball
2-2: Ground out 6-3 (Groundball, 6M)
Batting: RHB Arnold Giroux 0-0: Ball
1-0: Ball
2-0: Ground out 5-3 (Groundball, 56)
Bottom of the 8th over - 0 run(s), 1 hit(s), 0 error(s), 0 left on base; Toledo 0 - Capital District 4
TOP OF THE 9TH
Toledo Stingers batting - Pitching for Capital District Red Knights : RHP Luis Hernández
Batting: RHB Alfredo Martínez 0-0: Ball
1-0: Called Strike
1-1: Fly out, F5 (Line Drive, 56)
Batting: SHB Leonard O'Connor 0-0: Called Strike
0-1: SINGLE (Groundball, 4MD)
Batting: RHB Hugo Rampley 0-0: Called Strike
0-1: Ball
1-1: Ball
2-1: Called Strike
2-2: Grounds into double play, 5-4-3 (Groundball, 56)
Top of the 9th over - 0 run(s), 1 hit(s), 0 error(s), 0 left on base; Toledo 0 - Capital District 4
Wednesday, September 6th, 2017 - OOTP Baseball 17.12 Build 75